[Event "ISR-ch Youth 2019"]
[Site "Jerusalem"]
[Date "2019.04.11"]
[Round "1.3"]
[White "Rozen, Eytan"]
[Black "Rivlin, Shachar"]
[Result "1-0"]
[ECO "E60"]
[WhiteElo "2309"]
[BlackElo "1852"]
[Annotator "NA"]
[PlyCount "105"]
[EventDate "2019.04.11"]
[EventType "swiss"]
[EventCountry "ISR"]
[SourceTitle "playchess.com"]
[Source "ChessBase"]
[SourceQuality "1"]
[TimeControl "5400+30"]

1. c4 Nf6 2. Nf3 g6 3. g3 Bg7 4. Bg2 d6 5. d4 c6 {[%emt 0:00:53] LiveBook: 134 Games} 6. O-O O-O 7. b3 Ne4 {[%emt 0:09:47] E60: King's Indian: Unusual lines and Fianchetto Variation without Nc3} (7... e5 8. dxe5 dxe5 9. Bb2 e4 10. Qxd8 Rxd8 11. Ng5 Bf5 12. Nc3 h6 13. Ncxe4 Nxe4 14. Bxg7 hxg5 15. Be5 Nd7 {½-½ (67) Nepomniachtchi,I (2729)-Caruana,F (2799) London 2017}) 8. Bb2 Na6 9. Nfd2 $146 ({Predecessor:} 9. Nc3 Nxc3 10. Bxc3 d5 11. cxd5 cxd5 12. Rc1 Nc7 13. Ne5 Nb5 14. Bb2 Be6 15. Rc5 a6 16. a4 {½-½ (41) Ravikumar,V (2350)-Cornelisse,J (2187) Guernsey 2007}) 9... Nxd2 10. Qxd2 e5 11. Rd1 Be6 12. Na3 Qb6 13. d5 cxd5 14. cxd5 Bc8 15. Rac1 Qd8 16. Rc2 Qe7 17. Rdc1 Bd7 18. Nc4 Rfc8 $2 {[%emt 0:02:23] [#]} (18... f5 $14) 19. Ba3 $1 Qd8 20. Nxd6 Rxc2 21. Rxc2 Rb8 22. Nc4 b5 23. Ne3 Bf8 24. d6 Be6 25. Rc6 Rb6 26. Nd5 Bxd5 (26... Rxc6 $2 {is the wrong capture.} 27. Ne7+ {[%mdl 64] Discovered Attack} Kg7 28. Nxc6 $18) 27. Qxd5 ({Don't take} 27. Bxd5 $6 Rxc6 28. Bxc6 b4 $16) (27. Rxb6 $18 axb6 28. Qxd5 {[%mdl 64] Double Attack}) 27... b4 (27... Rxc6 $16 {was worth a try.} 28. Qxc6 b4) 28. Rxb6 axb6 29. Bb2 Qxd6 30. Bxe5 Qe7 31. Bb2 Qc5 32. Qd7 Qd6 33. Qc8 Nc5 34. Qc6 Qxc6 35. Bxc6 Bd6 36. f4 f5 37. Kf2 Kf7 38. Bd5+ Ke7 39. Ke3 Nd7 40. Kf3 Bc5 41. e4 fxe4+ 42. Bxe4 Ke6 43. g4 Bd6 44. Bd3 Nc5 45. Bc4+ Ke7 46. h4 Nd7 47. g5 Nc5 (47... Kf8 $142 48. Kg4 Bc7) 48. Bd4 Kf8 49. h5 Nd7 $2 (49... gxh5 50. f5 Nd7) 50. h6 Nc5 51. f5 gxf5 {[%emt 0:00:10] [#]} 52. g6 $1 hxg6 53. h7 1-0

[Event "ISR-ch Youth 2019"]
[Site "Jerusalem"]
[Date "2019.04.11"]
[Round "1.6"]
[White "Vagman, Roy"]
[Black "Leib, Yoni"]
[Result "1-0"]
[ECO "C45"]
[WhiteElo "1959"]
[BlackElo "1460"]
[Annotator "NA RC"]
[PlyCount "49"]
[EventDate "2019.04.11"]
[EventType "swiss"]
[EventCountry "ISR"]
[SourceTitle "playchess.com"]
[Source "ChessBase"]
[SourceQuality "1"]
[TimeControl "5400+30"]

1. e4 e5 2. Nf3 Nc6 3. d4 exd4 4. Nxd4 Bc5 5. Be3 Bb6 {[%emt 0:00:28] LiveBook: 65 Games} 6. c3 (6. Nc3 $14) 6... d6 7. Bc4 {[%emt 0:02:34] C45: Scotch Game} (7. Bb5 Bd7 8. O-O Nf6 9. f3 O-O 10. Bxc6 bxc6 11. Nd2 Re8 12. Re1 h6 13. Bf2 c5 14. Nc2 c6 {1-0 (37) Kiriella,K (1331)-Madushanka,H (1777) Ambalangoda 2018}) 7... h6 8. O-O $146 ({Predecessor:} 8. a4 Nf6 9. Qc2 O-O 10. O-O Qe7 11. f3 Be6 12. Bb5 Nxd4 13. cxd4 c6 14. Bd3 Rac8 {0-1 (34) Milosavljevic,R (1659)-Lukic,S (1322) Paracin 2018}) 8... Nf6 9. Re1 O-O 10. Qc2 Re8 11. Nd2 Ne5 12. Bb3 d5 13. h3 (13. Bf4 $14 {keeps the upper hand.}) 13... dxe4 (13... c5 $17 14. N4f3 Nxf3+ 15. Nxf3 Rxe4) 14. Nxe4 Nxe4 (14... c5 $11 {keeps the balance.} 15. Nb5 Bf5) 15. Qxe4 Ng4 (15... c5 $16 {might work better.}) 16. Qg6 Ne5 $2 (16... Qf6 $16 17. Qxf6 Nxf6) 17. Qg3 Kf8 {[%emt 0:08:44] [#]} 18. Bxh6 $1 gxh6 19. Rxe5 Bxd4 20. Rxe8+ Qxe8 21. cxd4 Qe7 22. Rc1 c6 23. Rc3 Bf5 24. Rf3 Be6 25. Qe5 $18 1-0

[Event "ISR-ch Youth 2019"]
[Site "Jerusalem"]
[Date "2019.04.11"]
[Round "1.8"]
[White "Azoulay, Yehonatan"]
[Black "Fester, Ilay"]
[Result "1-0"]
[ECO "C02"]
[WhiteElo "1491"]
[BlackElo "1195"]
[Annotator "NA"]
[PlyCount "99"]
[EventDate "2019.04.11"]
[EventType "swiss"]
[EventCountry "ISR"]
[SourceTitle "playchess.com"]
[Source "ChessBase"]
[SourceQuality "1"]
[TimeControl "5400+30"]

1. e4 e6 2. d4 d5 3. e5 c5 4. c3 Qb6 5. Nf3 Bd7 6. Qc2 Bb5 7. Bxb5+ Qxb5 8. Na3 Qb6 9. O-O Nc6 10. Be3 cxd4 11. Nxd4 Qc7 12. Nab5 Qd7 13. Qa4 Nxd4 14. Nc7+ Kd8 15. Qxd7+ Kxd7 16. Nxa8 Nc2 17. Rac1 Nxe3 18. fxe3 Bc5 19. Rxf7+ Ne7 20. Re1 Rxa8 21. b4 Bb6 22. Rxg7 Rf8 23. a4 a6 24. h3 Rf5 25. Rxh7 Rxe5 26. Kf2 a5 27. g4 Bd8 28. Rb1 Bb6 29. bxa5 Bxe3+ 30. Kf3 Bc5 31. Rxb7+ Kc6 32. Rbxe7 Re3+ 33. Kf4 Rxc3 34. Rxe6+ Bd6+ 35. Rxd6+ Kxd6 36. g5 d4 37. g6 Ke6 38. a6 d3 39. Ke3 Ra3 40. g7 Kf7 41. a7 Rxa4 42. Rh8 Kxg7 43. a8=Q Rxa8 44. Rxa8 Kg6 45. Kxd3 Kg5 46. Ke3 Kh4 47. Kf4 Kxh3 48. Rg8 Kh2 49. Kf3 Kh3 50. Rh8# 1-0

[Event "ISR-ch Youth 2019"]
[Site "Jerusalem"]
[Date "2019.04.11"]
[Round "1.9"]
[White "Levitan, Ronit"]
[Black "Vetshtein, Lior"]
[Result "1-0"]
[ECO "C07"]
[WhiteElo "2032"]
[BlackElo "1622"]
[Annotator "NA RC"]
[PlyCount "145"]
[EventDate "2019.04.11"]
[EventType "swiss"]
[EventCountry "ISR"]
[SourceTitle "playchess.com"]
[Source "ChessBase"]
[SourceQuality "1"]
[TimeControl "5400+30"]

1. e4 e6 2. d4 d5 3. Nd2 c5 4. exd5 Qxd5 5. Ngf3 cxd4 6. Bc4 Qd6 7. O-O Nf6 8. Nb3 Nc6 9. Nbxd4 Nxd4 10. Qxd4 Qxd4 11. Nxd4 Bc5 {[%emt 0:01:55] C07: French Tarrasch: 3...c5, 4 Ngf3 and 4 exd5 Qxd5} (11... Bd7 12. Be2 Bc5 13. Rd1 Rc8 14. c4 O-O 15. Be3 e5 16. Nc2 Bf5 17. Bxc5 Rxc5 18. Ne3 Be6 19. b4 Rc7 20. c5 Ne4 21. Rac1 Rfc8 22. Bf3 Nf6 23. Bd5 Nxd5 24. Nxd5 Bxd5 25. Rxd5 f6 26. Rcd1 {½-½ (26) Anand,V (2786)-So,W (2812) Stavanger 2017}) 12. Nb5 Ke7 13. Bf4 Bd7 14. Rad1 Bc6 $146 ({Predecessor:} 14... Rac8 15. Nd6 Rc6 16. Nxb7 Bxf2+ 17. Rxf2 Rxc4 18. Bd6+ Ke8 19. Ba3 {½-½ (71) Probst,A (1925)-Weise,M (2171) Bad Homburg 2014}) 15. Nd4 Be4 16. Rfe1 Rhd8 17. Nb3 (17. Be5 $11 {remains equal.}) 17... Bb6 ({Black should try} 17... Rxd1 $17 18. Rxd1 Bxc2) 18. Bd2 a6 19. Bb4+ Ke8 20. Nd2 (20. c3 $11 {keeps the balance.}) 20... Bxc2 21. Bxe6 $2 (21. Rc1 $17 Ng4 22. Re2) 21... fxe6 22. Rxe6+ Kf7 23. Re7+ Kg6 24. Rc1 Rac8 25. Rxb7 Be4 26. Rxc8 Bxb7 27. Rxd8 Bxd8 28. f3 Bb6+ 29. Kf1 Nd5 30. Bd6 Ne3+ 31. Ke2 Nxg2 32. Nc4 Bd4 33. b3 Nh4 34. Nd2 Nf5 35. Bc7 Bc6 36. Nc4 Bc5 $2 ({Black should play} 36... Kg5 $19 37. Ne5 Bb7 38. Nf7+ Kf6) 37. Ne5+ Kf6 38. Nxc6 Ke6 39. b4 Bg1 {[%emt 0:03:07] [#]} (39... Kd5 $14 40. Nb8 Nd4+ 41. Kd3 Bxb4) 40. Na5 (40. Nb8 $1 $16) 40... Nd4+ 41. Kf1 Be3 42. Bb6 Nc2 43. Bxe3 Nxe3+ 44. Ke2 Nc2 45. Nc6 Kd5 46. Kd2 Na3 47. Nb8 Nc4+ 48. Kc3 a5 {[%emt 0:01:15] [#]} 49. Na6 (49. Nc6 $1 $18 {[%cal Rc6e7][%mdl 512] has better winning chances.} Nd6 (49... Kxc6 50. Kxc4) 50. Nxa5) 49... Ne5 {[%emt 0:03:34] [#]} 50. f4 $1 Nc6 $2 (50... Ng4 $16 {might work better.}) 51. b5 $2 (51. Nc7+ $18 {is the precise move to win.} Kd6 52. Ne8+ Kd5 53. bxa5 (53. Nxg7 Nxb4 54. a3 Na6 $16)) 51... Na7 $2 (51... Nd4 $16 {was called for.}) 52. a4 Nc8 53. Nc7+ Ke4 {[%emt 0:01:03] [#]} 54. Na8 $2 (54. Kc4 $1 $18 {is the precise move to win.}) 54... Kxf4 $2 (54... Kd5 $16) 55. b6 Nd6 56. Kd4 g5 57. Kd5 Nb7 58. Kc6 (58. Nc7 $142 Ke3 59. Ne6) 58... Nd8+ 59. Kc7 Ne6+ 60. Kd7 ({Not} 60. Kc8 Nc5 $16) 60... Nc5+ 61. Kc6 Na6 62. b7 Kf3 63. Kb6 Nb8 64. Nc7 Nd7+ 65. Kc6 (65. Kxa5 $142 Kg2 66. Kb5 Kxh2 67. a5) 65... Nb8+ 66. Kb5 Nd7 67. Na6 Kg2 68. Kc6 Ne5+ 69. Kd6 (69. Kd5 $142 Ng6 70. b8=Q) 69... Kxh2 70. Kxe5 g4 71. b8=Q g3 72. Qh8 g2 73. Qxh7+ 1-0

[Event "ISR-ch Youth 2019"]
[Site "Jerusalem"]
[Date "2019.04.11"]
[Round "2.1"]
[White "Tzidkiya, Yeshaayahu"]
[Black "Lukin, Elisha"]
[Result "1-0"]
[ECO "C01"]
[WhiteElo "2188"]
[BlackElo "2287"]
[Annotator "NA"]
[PlyCount "77"]
[EventDate "2019.04.11"]
[EventType "swiss"]
[EventCountry "ISR"]
[SourceTitle "playchess.com"]
[Source "ChessBase"]
[SourceQuality "1"]
[TimeControl "5400+30"]

1. e4 e6 2. d4 d5 3. exd5 exd5 4. Nf3 Nc6 5. Bb5 Bd6 6. c4 dxc4 7. d5 a6 8. Ba4 b5 9. dxc6 bxa4 10. O-O {[%emt 0:00:30] C01: French: Exchange Variation} Ne7 11. Nbd2 (11. Qxa4 O-O 12. Nbd2 Rb8 13. a3 c3 14. bxc3 Qe8 15. Nd4 Bb7 16. Re1 Bxc6 17. Qxa6 Ba8 18. Ne4 Be5 19. Qd3 Qd7 20. Ng5 {1-0 (32) Gelfand,B (2673)-Alekseev,E (2639) St Petersburg 2018}) 11... O-O 12. Nxc4 Bg4 13. Nxd6 $146 ({Predecessor:} 13. h3 Bh5 14. Nxd6 Qxd6 15. Qxd6 cxd6 16. Nd4 Rfc8 17. Be3 Nxc6 {½-½ (28) Flitsch,G (2278)-Sienkiewicz,W (2205) ICCF email 2016}) 13... cxd6 14. Bg5 h6 15. Bxe7 Qxe7 16. Qd3 Rab8 17. b3 Rfc8 (17... Bxf3 $11 {keeps the balance.} 18. Qxf3 Qc7) 18. Nd4 Qa7 19. Rac1 ({Stronger than} 19. bxa4 Rb4 $11 {[%mdl 64] Double Attack}) (19. h3 $18 {has better winning chances.} Bh5 20. Rfc1) 19... axb3 20. axb3 Rb4 21. Nf5 Bxf5 22. Qxf5 Qb8 23. Rfe1 Rb5 24. Qd7 Kh7 25. c7 Qa8 26. Qxf7 Qd5 27. Qd7 Qf5 28. Re7 Qxd7 29. Rxd7 Rxb3 30. Kf1 Rb7 31. f4 a5 32. f5 Rb5 33. Rd8 $18 Rxf5+ 34. Ke2 Re5+ 35. Kf3 Rf5+ 36. Ke3 Re5+ 37. Kf4 g5+ 38. Kg3 Re3+ 39. Kf2 1-0

[Event "ISR-ch Youth 2019"]
[Site "Jerusalem"]
[Date "2019.04.11"]
[Round "2.2"]
[White "Kochavi, Ori"]
[Black "Globus, Or"]
[Result "1/2-1/2"]
[ECO "A38"]
[WhiteElo "2200"]
[BlackElo "2346"]
[Annotator "NA"]
[PlyCount "82"]
[EventDate "2019.04.11"]
[EventType "swiss"]
[EventCountry "ISR"]
[SourceTitle "playchess.com"]
[Source "ChessBase"]
[SourceQuality "1"]
[TimeControl "5400+30"]

1. Nf3 Nf6 2. c4 g6 3. Nc3 c5 4. g3 Bg7 5. Bg2 Nc6 6. O-O O-O 7. d3 b6 8. a3 {[%emt 0:02:22] A38: Symmetrical English vs ...g6: 4 Bg2 Bg7 5 Nf3 Nf6} (8. e4 Bb7 9. Bg5 h6 10. Bf4 d6 11. h3 Ne8 12. Be3 Nd4 13. Nh4 e6 14. f4 Qd7 15. Qd2 Kh7 16. Rae1 f5 {0-1 (62) Radjabov,T (2713)-Le,Q (2703) Beijing 2013}) 8... Bb7 9. Rb1 d5 10. b4 cxb4 11. axb4 dxc4 12. dxc4 Qxd1 13. Rxd1 Ng4 $146 ({Predecessor:} 13... Rfd8 14. Bd2 Nd4 15. Bf4 Nh5 16. Nxd4 Bxg2 17. Kxg2 Nxf4+ 18. gxf4 Rxd4 19. Rxd4 Bxd4 {½-½ (23) Stanescu,C-Kluge,T Regensburg 1996}) 14. Na4 Rad8 15. Ba3 Rxd1+ 16. Rxd1 Rd8 17. Rxd8+ Nxd8 18. b5 Kf8 $1 19. h3 Ne5 20. Nxe5 Bxe5 21. c5 bxc5 22. Bxc5 Bb8 23. Nc3 Bxg2 24. Kxg2 Nb7 25. Bd4 $11 Ke8 26. Kf3 Kd7 27. Ke4 e6 28. Kd3 e5 29. Be3 Nd6 30. Kc2 f5 31. Kb3 Kc8 32. Kb4 Kb7 33. f3 a6 34. b6 Kc6 35. Bf2 Nb7 36. Kc4 Bd6 37. Na4 Na5+ 38. Kd3 Kb5 39. Nc3+ Kc6 40. Na4 Kb5 41. Nc3+ Kc6 1/2-1/2

[Event "ISR-ch Youth 2019"]
[Site "Jerusalem"]
[Date "2019.04.11"]
[Round "2.4"]
[White "Musyuk, Lior"]
[Black "Verny, David"]
[Result "1-0"]
[ECO "C56"]
[WhiteElo "2231"]
[BlackElo "1940"]
[Annotator "NA"]
[PlyCount "57"]
[EventDate "2019.04.11"]
[EventType "swiss"]
[EventCountry "ISR"]
[SourceTitle "playchess.com"]
[Source "ChessBase"]
[SourceQuality "1"]
[TimeControl "5400+30"]

1. e4 e5 2. Nf3 Nc6 3. d4 exd4 4. Bc4 Nf6 5. e5 d5 6. Bb5 Ne4 7. Nxd4 Bd7 8. Bxc6 bxc6 9. O-O Bc5 10. f3 Ng5 11. Be3 Bb6 12. Qd2 Ne6 {[%emt 0:03:36] C56: Two Knights: 4 d4 exd4 5 0-0 Nxe4} (12... h6 13. Nb3 Qe7 14. Nc3 O-O 15. Rae1 Rad8 16. Qf2 Ne6 17. f4 f5 18. Rd1 g5 19. Ne2 Be8 20. Rd2 {0-1 (54) Battulga,N (2421)-Sanikidze,T (2497) Batumi 2018}) 13. Nb3 Bc8 $146 ({Predecessor:} 13... f6 14. f4 fxe5 15. Bxb6 cxb6 16. fxe5 Qg5 17. Nc3 Qxd2 18. Nxd2 Ke7 19. Ne2 Rhf8 20. c3 {0-1 (58) Crespo de Oliveira,L (2209)-Proudian,A (2354) Pocos de Caldas 2014}) 14. f4 d4 15. Bf2 Qd5 16. f5 Nc5 $1 17. Qxd4 Nxb3 18. Qxd5 cxd5 19. axb3 d4 20. c3 c5 ({Better is} 20... Bxf5 $14 21. Bxd4 (21. cxd4 Be6 $14) 21... Bd3) 21. b4 cxb4 22. Bxd4 Bxd4+ 23. cxd4 O-O 24. Nd2 Rd8 25. Nb3 a5 26. Rxa5 Rxa5 $18 27. Nxa5 Rxd4 28. Nc6 Rc4 29. Rd1 1-0

[Event "ISR-ch Youth 2019"]
[Site "Jerusalem"]
[Date "2019.04.11"]
[Round "2.5"]
[White "Milikow, Elie"]
[Black "Weissberg, Harel"]
[Result "1-0"]
[ECO "B45"]
[WhiteElo "2199"]
[BlackElo "1709"]
[Annotator "NA"]
[PlyCount "63"]
[EventDate "2019.04.11"]
[EventType "swiss"]
[EventCountry "ISR"]
[SourceTitle "playchess.com"]
[Source "ChessBase"]
[SourceQuality "1"]
[TimeControl "5400+30"]

1. e4 c5 2. Nf3 e6 3. d4 cxd4 4. Nxd4 Nf6 5. Nc3 Nc6 6. Ndb5 Bb4 7. a3 Bxc3+ 8. Nxc3 d5 9. exd5 exd5 10. Bd3 O-O 11. O-O d4 12. Ne2 Re8 13. b4 {[%emt 0:05:55] B45: Sicilian Four Knights} (13. h3 Re5 14. Bf4 Rd5 15. Ng3 Ne5 16. Bxe5 Rxe5 17. Qf3 Qb6 18. Qf4 Re8 19. Ne2 Rd8 20. Rfd1 Be6 21. Nxd4 Qxb2 22. Nxe6 fxe6 {1-0 (49) Andriasian,Z (2588)-Petrov,M (2535) Kalamaria 2010}) 13... a6 14. Bb2 Kh8 $146 ({Predecessor:} 14... Bg4 15. f3 Be6 16. Rf2 Rc8 17. Nxd4 Nxd4 18. Bxd4 Bc4 19. Bf5 Rc6 20. c3 Nd5 {0-1 (41) Rodriguez Gonzalez,I-Jimenez Lopez,A (2079) Formigal 2002}) 15. Bc4 Bg4 16. f3 Be6 17. Bxe6 Rxe6 18. Nf4 Rd6 19. Qe2 Nd5 20. Nxd5 Rxd5 21. Rad1 Qb6 $11 22. Qf2 Rad8 23. c4 R5d7 24. Rfe1 Qc7 25. c5 Rd5 26. Rd2 Qd7 27. Qg3 h6 28. h4 Ne7 29. Red1 Nf5 30. Qf4 Ne3 31. Bxd4 Nf5 32. Bxg7+ 1-0

[Event "ISR-ch Youth 2019"]
[Site "Jerusalem"]
[Date "2019.04.11"]
[Round "2.6"]
[White "Pevzner, Maks"]
[Black "Vagman, Roy"]
[Result "1/2-1/2"]
[ECO "A48"]
[WhiteElo "1643"]
[BlackElo "1959"]
[Annotator "NA"]
[PlyCount "132"]
[EventDate "2019.04.11"]
[EventType "swiss"]
[EventCountry "ISR"]
[SourceTitle "playchess.com"]
[Source "ChessBase"]
[SourceQuality "1"]
[TimeControl "5400+30"]

1. d4 Nf6 2. Bf4 g6 3. e3 d6 4. Nf3 Nh5 5. Bg5 h6 6. Bh4 {[%emt 0:00:11] A48: 1 d4 Nf6 2 Nf3 g6: Torre, London and Colle Systems} g5 7. Nfd2 Ng7 8. Bg3 Nf5 9. Bd3 (9. c3 Bg7 10. Bd3 e6 11. Na3 Nd7 12. Qf3 Nxg3 13. hxg3 {½-½ (53) Le,Q (2739)-Kasparov,G (2812) Saint Louis 2017}) 9... Nxg3 10. hxg3 Bg7 11. Nf3 Nd7 12. Nbd2 Nf6 13. c3 c5 $146 ({Predecessor:} 13... Be6 14. Qc2 c6 15. O-O-O {0-1 (34) Tavadyan,T-Coleby,R (2157) ICCF email 2016}) 14. Qc2 Be6 15. Ne4 Qc7 16. dxc5 Nxe4 17. Bb5+ Kf8 18. Qxe4 Qxc5 19. Bd3 Bd5 20. Qa4 $1 Rc8 21. O-O Bf6 22. Qb5 Qxb5 23. Bxb5 a6 24. Bd3 e5 25. Bf5 Rd8 26. Rfd1 Bc6 27. e4 $11 h5 28. Rd2 Ke7 29. Rad1 g4 30. Nh2 Bg5 31. Re2 Kf6 32. c4 b5 33. b3 bxc4 34. bxc4 Ke7 35. Rb2 Rb8 36. Rdb1 Rxb2 37. Rxb2 Ra8 38. Rb6 Be8 39. Rb7+ Kf8 40. Nf1 a5 41. Rb6 Ke7 42. f3 gxf3 43. gxf3 Ra7 44. Bc8 Rc7 45. Ba6 Bd7 46. Rb7 Rxb7 47. Bxb7 Kd8 48. Kf2 Kc7 49. Bd5 Be8 50. Ne3 Kb6 51. Nf5 Kc5 52. Ng7 Ba4 53. Bxf7 Bd1 54. Ne6+ Kb4 55. Nxg5 a4 56. Ne6 Bb3 57. c5 dxc5 58. g4 hxg4 59. fxg4 Bxa2 60. g5 a3 61. g6 Bc4 62. g7 a2 63. g8=Q a1=Q 64. Qb8+ Bb5 65. Nc7 Qd4+ 66. Kf3 Qd1+ 1/2-1/2

[Event "ISR-ch Youth 2019"]
[Site "Jerusalem"]
[Date "2019.04.12"]
[Round "3.6"]
[White "Neeman, Gal"]
[Black "Uritsky, Yonathan"]
[Result "1-0"]
[ECO "D93"]
[WhiteElo "1715"]
[BlackElo "1899"]
[Annotator "NA RC"]
[PlyCount "51"]
[EventDate "2019.04.11"]
[EventType "swiss"]
[EventCountry "ISR"]
[SourceTitle "playchess.com"]
[Source "ChessBase"]
[SourceQuality "1"]
[TimeControl "5400+30"]

1. d4 Nf6 2. Bf4 g6 3. e3 Bg7 4. c4 c5 5. Nc3 cxd4 6. exd4 O-O 7. Nf3 d5 8. Qb3 dxc4 9. Bxc4 Nc6 10. Rd1 Na5 11. Qb4 Nxc4 12. Qxc4 Bg4 13. Qe2 Nd5 14. Bg3 Nxc3 15. bxc3 Qa5 16. O-O Rfe8 17. Qe4 Bf5 18. Qxb7 Qxc3 19. Rfe1 Qa3 20. Re3 Qa4 21. Rde1 e6 22. Ng5 Qxa2 23. Qxf7+ Kh8 24. Be5 Rg8 25. Qb7 Raf8 26. Qe7 1-0

[Event "ISR-ch Youth 2019"]
[Site "Jerusalem"]
[Date "2019.04.12"]
[Round "3.7"]
[White "Umanskiy, Stanislav"]
[Black "Ribstein, Orel"]
[Result "0-1"]
[ECO "B45"]
[WhiteElo "1309"]
[BlackElo "1708"]
[Annotator "NA RC"]
[PlyCount "72"]
[EventDate "2019.04.11"]
[EventType "swiss"]
[EventCountry "ISR"]
[SourceTitle "playchess.com"]
[Source "ChessBase"]
[SourceQuality "1"]
[TimeControl "5400+30"]

1. e4 c5 2. Nf3 e6 3. d4 cxd4 4. Nxd4 Nf6 5. Nc3 Nc6 6. Be3 Bb4 7. f3 d5 8. Nxc6 bxc6 9. exd5 exd5 10. a3 Bd6 11. Be2 Qc7 12. h3 Bg3+ 13. Bf2 Bxf2+ 14. Kxf2 O-O 15. Rb1 Nh5 16. Qe1 Ng3 17. Rg1 h5 18. Qd1 h4 19. Ke1 Qb6 20. Kd2 Qd4+ 21. Bd3 Qf2+ 22. Ne2 d4 23. Qe1 Qe3+ 24. Kd1 Nxe2 25. Bxe2 Bf5 26. Bc4 Qg5 27. Qd2 Qg6 28. Bd3 c5 29. Bxf5 Qxf5 30. Qf2 c4 31. Qxh4 d3 32. c3 d2 33. Qe4 Qc5 34. Rh1 Rfe8 35. Qd4 Qf5 36. Ra1 Qb5 0-1

[Event "ISR-ch Youth 2019"]
[Site "Jerusalem"]
[Date "2019.04.12"]
[Round "3.8"]
[White "Faivishevsky, Noam"]
[Black "Ostrovsky Berman, Noam"]
[Result "0-1"]
[ECO "B90"]
[WhiteElo "1326"]
[BlackElo "1545"]
[Annotator "NA RC"]
[PlyCount "56"]
[EventDate "2019.04.11"]
[EventType "swiss"]
[EventCountry "ISR"]
[SourceTitle "playchess.com"]
[Source "ChessBase"]
[SourceQuality "1"]
[TimeControl "5400+30"]

1. e4 c5 2. Nf3 d6 3. d4 cxd4 4. Nxd4 Nf6 5. Nc3 a6 6. f3 e5 7. Nb3 Be6 8. Be3 b5 9. Qd2 Be7 10. O-O-O Nbd7 11. g4 O-O 12. h4 b4 13. Ne2 a5 14. Kb1 Qb8 15. h5 h6 16. g5 hxg5 17. Bxg5 Rc8 18. h6 g6 19. h7+ Kh8 20. Ng3 a4 21. Na1 b3 22. Bh6 bxa2+ 23. Kc1 a3 24. b4 Nc5 25. Bc4 Nfxe4 26. Bg7+ Kxg7 27. Nh5+ Kh8 28. Qh6 Bg5+ 0-1

[Event "ISR-ch Youth 2019"]
[Site "Jerusalem"]
[Date "2019.04.12"]
[Round "3.9"]
[White "Levitan, Ronit"]
[Black "Sadka Darrell, Daria"]
[Result "1/2-1/2"]
[ECO "B01"]
[WhiteElo "2032"]
[BlackElo "1451"]
[Annotator "NA RC"]
[PlyCount "86"]
[EventDate "2019.04.11"]
[EventType "swiss"]
[EventCountry "ISR"]
[SourceTitle "playchess.com"]
[Source "ChessBase"]
[SourceQuality "1"]
[TimeControl "5400+30"]

1. e4 d5 2. exd5 Qxd5 3. Nc3 Qd8 4. d4 Nf6 5. Nf3 Bg4 6. Bf4 c6 7. Be2 Bxf3 8. Bxf3 e6 9. O-O Be7 10. Ne4 O-O 11. c3 Nd5 12. Bd2 Nd7 13. Re1 Qc7 14. Be2 e5 15. Bd3 exd4 16. cxd4 N7f6 17. Qf3 Rad8 18. Bg5 Nxe4 19. Qxe4 g6 20. Bxe7 Rde8 21. Bxf8 Rxe4 22. Bxe4 Kxf8 23. Bxd5 cxd5 24. b3 Qa5 25. g3 Qb4 26. Rad1 Qa5 27. Re2 Qc3 28. Kg2 Qb4 29. Kf3 Qc3+ 30. Kg2 Qb4 31. Rdd2 Qc3 32. f4 Kg7 33. Rc2 Qd3 34. Red2 Qe4+ 35. Kg1 Qe3+ 36. Kf1 Qf3+ 37. Kg1 Qe3+ 38. Kg2 Qe4+ 39. Kh3 Qf5+ 40. Kg2 Qe4+ 41. Kg1 Qe3+ 42. Kf1 Qf3+ 43. Kg1 Qe3+ 1/2-1/2

[Event "ISR-ch Youth 2019"]
[Site "Jerusalem"]
[Date "2019.04.12"]
[Round "3.10"]
[White "Fudim, Basya"]
[Black "Qasem, Huda"]
[Result "0-1"]
[ECO "D02"]
[WhiteElo "1380"]
[BlackElo "1664"]
[Annotator "NA RC"]
[PlyCount "77"]
[EventDate "2019.04.11"]
[EventType "swiss"]
[EventCountry "ISR"]
[SourceTitle "playchess.com"]
[Source "ChessBase"]
[SourceQuality "1"]
[TimeControl "5400+30"]

1. d4 Nf6 2. Bf4 e6 3. Nf3 c5 4. c3 d5 5. h3 Bd6 6. Bg5 h6 7. Bxf6 Qxf6 8. e3 O-O 9. Be2 Nc6 10. O-O Rd8 11. Qc2 e5 12. dxe5 Nxe5 13. Nbd2 b6 14. Rac1 Bf5 15. e4 dxe4 16. Nxe4 Nxf3+ 17. Bxf3 Qe5 18. g3 Rac8 19. Bg2 Qe6 20. Kh2 Bb8 21. Rce1 Qg6 22. Qe2 h5 23. Qf3 Re8 24. Nd2 Rcd8 25. Nb3 Re6 26. Rxe6 Bxe6 27. Rd1 Rf8 28. Qe3 Bf5 29. Nd2 Rd8 30. Re1 h4 31. Nc4 hxg3+ 32. fxg3 Be6 33. Ne5 Qf5 34. Qf3 Qxf3 35. Nxf3 Bxa2 36. Rf1 Bc4 37. Re1 f6 38. Ra1 Be2 39. Ra3 0-1

[Event "ISR-ch Youth 2019"]
[Site "Jerusalem"]
[Date "2019.04.12"]
[Round "3.11"]
[White "Ken-Dror, Renana"]
[Black "Gadasi, Noam"]
[Result "*"]
[ECO "A36"]
[WhiteElo "1185"]
[BlackElo "1653"]
[Annotator "NA RC"]
[PlyCount "78"]
[EventDate "2019.04.11"]
[EventType "swiss"]
[EventCountry "ISR"]
[SourceTitle "playchess.com"]
[Source "ChessBase"]
[SourceQuality "1"]
[TimeControl "5400+30"]

1. e4 c5 2. c4 g6 3. Nc3 Nc6 4. g3 Bg7 5. Bg2 Nf6 6. Nge2 O-O 7. O-O d6 8. h3 a6 9. d3 Rb8 10. a4 b6 11. Be3 Bd7 12. Rb1 Nb4 13. Ra1 b5 14. axb5 axb5 15. b3 Qc7 16. Qd2 Bc6 17. Bh6 Bxh6 18. Qxh6 Nxd3 19. Rfd1 bxc4 20. bxc4 Ne5 21. Nd5 Nxd5 22. cxd5 Bd7 23. Rac1 Ba4 24. Rd2 Qb6 25. Qe3 Bb5 26. Rb2 Qa6 27. Rbc2 Bd3 28. Rd2 c4 29. f4 Nd7 30. Kh2 Nc5 31. Rdd1 Rb2 32. Rd2 Rfb8 33. Nd4 Qa2 34. Nf3 Rxd2 35. Nxd2 Rb2 36. Nf1 Bxf1 37. Rxf1 Rxg2+ 38. Kh1 Rh2+ 39. Kg1 Qg2# *

[Event "ISR-ch Youth 2019"]
[Site "Jerusalem"]
[Date "2019.04.12"]
[Round "3.12"]
[White "Harel Raz, Eden"]
[Black "Moskovitch, Michal"]
[Result "0-1"]
[ECO "D02"]
[WhiteElo "1128"]
[BlackElo "1514"]
[Annotator "NA RC"]
[PlyCount "94"]
[EventDate "2019.04.11"]
[EventType "swiss"]
[EventCountry "ISR"]
[SourceTitle "playchess.com"]
[Source "ChessBase"]
[SourceQuality "1"]
[TimeControl "5400+30"]

1. d4 d5 2. Nf3 Nf6 3. Bf4 Nc6 4. e3 Bf5 5. c3 e6 6. Be2 Be7 7. h3 h6 8. O-O O-O 9. Nbd2 Re8 10. c4 Rc8 11. Qb3 Na5 12. Qc3 c6 13. b4 Nxc4 14. Bxc4 dxc4 15. Nxc4 Nd5 16. Qb3 Nxf4 17. exf4 Qc7 18. Rac1 Qxf4 19. Rfd1 Be4 20. Ncd2 Bd5 21. Qa4 Qb8 22. b5 cxb5 23. Qxb5 Bxa2 24. Rxc8 Rxc8 25. Nb3 Bxb3 26. Qxb3 b5 27. d5 exd5 28. Rxd5 Rc1+ 29. Rd1 Rxd1+ 30. Qxd1 b4 31. Qb3 a5 32. Nd2 Qb5 33. Nc4 a4 34. Na3 Qa5 35. Nc4 axb3 36. Nxa5 b2 37. Kh2 b1=Q 38. Nc4 Qe4 39. Nd2 Qf4+ 40. Kg1 Qxd2 41. g3 b3 42. Kg2 Qd5+ 43. Kh2 Qf3 44. h4 Qxf2+ 45. Kh3 f5 46. h5 Qg1 47. g4 fxg4# 0-1